 Dungeon Crawl Stone Soup version 0.25-a0-785-gb22c70e859 (webtiles) character file.

Game seed: 12944153240837133827, levelgen mode: deterministic

49 Iflex the Digger (level 3, -5/27 HPs)
             Began as a Draconian Earth Elementalist on Apr 17, 2020.
             Killed by divine providence
             ... invoked by an orc priest
              (7 damage)
             ... on level 4 of the Dungeon.
             The game lasted 00:09:50 (1975 turns).

Iflex the Digger (Draconian Earth Elementalist)     Turns: 1975, Time: 00:09:51

Health: -5/27      AC:  5    Str: 10    XL:     3   Next: 51%
Magic:  6/6        EV: 12    Int: 16    God:
Gold:   64         SH:  0    Dex: 11    Spells: 3/6 levels left

rFire    . . .     SeeInvis .   (no weapon)
rCold    . . .     Gourm    .   (no shield)
rNeg     . . .     Faith    .   (armour unavailable)
rPois    .         Spirit   .   (helmet restricted)
rElec    .         Reflect  .   (no cloak)
rCorr    .         Harm     .   (no gloves)
MR       .....                  (no boots)
Stlth    ++........             (no amulet)
HPRegen  0.09/turn              (no ring)
MPRegen  0.10/turn              (no ring)

@: no status effects
A: unfitting armour, cold-blooded, AC +5
a: no special abilities


You were on level 4 of the Dungeon.
You were not hungry.

You visited 1 branch of the dungeon, and saw 4 of its levels.

You collected 64 gold pieces.

Inventory:

Missiles
 b - 36 stones (quivered)
Jewellery
 d - a +5 ring of strength {unknown}
Scrolls
 a - a scroll of enchant armour {unknown}
 i - a scroll of magic mapping {unknown}
 k - a scroll of teleportation {unknown}
Potions
 e - a potion of lignification {unknown}
 f - a potion of invisibility {unknown}
 g - a potion of magic {unknown}
 h - a potion of stabbing {unknown}
 j - a potion of degeneration {unknown}
Comestibles
 c - 3 rations
 l - a chunk of flesh


   Skills:
 * Level 0.9 Fighting
 + Level 2.0 Dodging
 + Level 2.0 Stealth
 + Level 2.4 Spellcasting
 + Level 1.0 Transmutations
 + Level 3.8 Earth Magic


You had 3 spell levels left.
You knew the following spells:

 Your Spells              Type           Power        Failure   Level  Hunger
a - Sandblast             Erth           ##....       4%          1    #......
b - Passwall              Tmut/Erth      #.......     11%         2    ###....

Your spell library contained the following spells:

 Spells                   Type           Power        Failure   Level  Hunger
 Stone Arrow              Conj/Erth      #.....       26%         3    ###....
 Petrify                  Tmut/Erth      #.......     58%         4    #####..
 Lee's Rapid Deconstruct  Erth           ##........   75%         5    ######.


Dungeon Overview and Level Annotations

Branches:
Dungeon (4/15)
 Temple: D:4-7

Altars:
Ru

Annotations:
D:2 Terence


Innate Abilities, Weirdness & Mutations

Your plain brown scales are hard. (AC +5)
You cannot fit into any form of body armour.
You are cold-blooded and may be slowed by cold attacks.


Message History

An orc comes into view.
Found a stone staircase leading down. 3 gnolls come into view.
A gnoll is wielding a +2 halberd of freezing.
The gnoll shouts!
You hear a shout!
There is a stone staircase leading down here.
You climb downwards.
A frilled lizard and a giant cockroach come into view.
Found three items.
There is a stone staircase leading up here.
The frilled lizard hisses angrily.
The orc priest mumbles some strange prayers to Beogh against you.
Pain shoots through your body!
Found 10 gold pieces.
The orc priest calls down the wrath of Beogh upon you.
Beogh smites you!
* * * LOW HITPOINT WARNING * * *
The orc priest calls down the wrath of Beogh upon you.
Beogh smites you!
You die...

.. #. # #. ..
#. ... #.
....##.
.......#######
?....l.<#.@..#
........#.##.##
.?...#.lo.....#
..........##..#
...$#.....# .#
... #...... #
.. #.....?. .
##.#.#### #...#


You could see an orc priest and a frilled lizard.

Vanquished Creatures
  An adder (D:2)
  A leopard gecko (D:1)
  An orc (D:3)
  2 giant cockroaches
  5 goblins
  7 hobgoblins
  A ball python (D:2)
  4 bats
  5 frilled lizards
  5 kobolds
  4 rats
36 creatures vanquished.

Notes
Turn   | Place    | Note
-------+----------+-------------------------------------------
     0 | D:1      | Iflex the Draconian Earth Elementalist began the quest for
                  | the Orb.
     0 | D:1      | Reached XP level 1. HP: 14/14 MP: 3/3
   306 | D:1      | Reached XP level 2. HP: 16/20 MP: 0/5
   310 | D:1      | Learned a level 2 spell: Passwall
   678 | D:2      | Reached XP level 3. HP: 27/27 MP: 2/6
   882 | D:2      | Found a sacrificial altar of Ru.
  1182 | D:3      | Noticed Terence
  1975 | D:4      | Killed from afar by an orc priest

Levels and vault maps discovered:
D:1:      dpeg_arrival_stonehenge_8_columns, layout_loops_ring
D:2:      minmay_door_path, layout_loops_cross, nicolae_ru_sacrificial_ziggurat,
          uniq_crazy_yiuf_cottage
D:3:      layout_loops_ring, chequers_ecumenical_altar_grove, uniq_terence
D:4:      layout_basic, lemuel_temple_firewalk_b, first_ration,
          gammafunk_ghost_arena, uniq_eustachio

Skill      XL: |  1  2 |
---------------+-------+-----
Stealth        | 2 |  2.0
Dodging        | 2 |  2.0
Fighting       | |  0.9
Spellcasting   | |  2.4
Transmutations | |  1.0
Earth Magic    | |  3.8

Action                   || total
-------------------------++-------
Melee: Unarmed           ||    35
       Tailslap          ||     4
Throw: Stone             ||     1
 Cast: Sandblast         ||    54
       Passwall          ||     4
 Stab: Sleeping          ||     1
  Eat: Ration            ||     1
       Chunk             ||     1
Armor: Skin              ||    17
Dodge: Dodged            ||    44

Table legend:
 A = Non-vault XP
 B = Vault XP
 C = Vault XP percentage of total XP
 D = Non-vault monster count
 E = Vault monster count
 F = Vault count percentage of total count
                 A         B        C        D         E       F
            +---------+---------+-------+---------+---------+-------
      Total |      67 |       3 |   4.3 |      34 |       2 |   5.6
            +---------+---------+-------+---------+---------+-------
        D:1 |      33 |       0 |   0.0 |      22 |       0 |   0.0
        D:2 |      25 |       3 |  10.7 |       8 |       2 |  20.0
        D:3 |       9 |       0 |   0.0 |       4 |       0 |   0.0
            +---------+---------+-------+---------+---------+-------
